 Dungeon Crawl Stone Soup version 0.30.1 (webtiles) character file.

Game seed: 16436629260959664698

304 Peloso the Covered (level 6, 0/56 HPs)
             Began as a Minotaur Fighter on July 2, 2023.
             Slain by a kobold brigand
             ... wielding a +2 short sword of protection
              (6 damage)
             ... in a sewer.
             The game lasted 00:05:25 (2202 turns).

Peloso the Covered (Minotaur Fighter)               Turns: 2202, Time: 00:05:25

Health: 0/56       AC:  9    Str: 20    XL:     6   Next: 15%
Magic:  5/5        EV:  8    Int:  5    God:
Gold:   15         SH:  5    Dex: 12    Spells: 5/5 levels left

rFire   . . .        a - +0 long sword
rCold   . . .        d - +0 buckler
rNeg    . . .        c - +0 chain mail
rPois   .            (helmet restricted)
rElec   .            (no cloak)
rCorr   .            (no gloves)
SInv    .            (no boots)
Will    +....        (no amulet) Stlth
                     q - ring of willpower
HPRegen 0.29/turn    (no ring)
MPRegen 0.09/turn

%: no passive effects
@: no status effects
A: horns 2, retaliatory headbutt
a: no special abilities


You were in a sewer.
You visited 1 branch of the dungeon, and saw 3 of its levels.
You also visited: Sewer.

You collected 157 gold pieces.
You spent 142 gold pieces at shops.

Inventory:

Hand Weapons
 a - a +0 long sword (weapon)
Armour
 b - a +0 scale mail
 c - a +0 chain mail (worn)
 d - a +0 buckler (worn)
Jewellery
 q - a ring of willpower (left hand)
Scrolls
 f - 2 scrolls of blinking {unknown}
 h - a scroll of teleportation {unknown}
 m - a scroll of fear {unknown}
 o - a scroll of acquirement {unknown}
 r - a scroll of immolation {unknown}
Potions
 e - a potion of cancellation {unknown}
 g - 4 potions of curing
 j - a potion of heal wounds
 k - 2 potions of mutation {unknown}
 n - 4 potions of might
 p - a potion of lignification {unknown}
 s - a potion of haste {unknown}


   Skills:
 + Level 5.2 Fighting
 + Level 4.8 Long Blades
 + Level 5.2 Armour
 + Level 0.7 Dodging
 + Level 0.3 Stealth
 + Level 4.5 Shields


You had 5 spell levels left.
You didn't know any spells.
Your spell library contained the following spells:

 Spells                   Type           Power      Damage    Failure   Level
 Ensorcelled Hibernation  Hex/Ice        0%         N/A       100%        2
 Call Canine Familiar     Summ           0%         N/A       100%        3
 Portal Projectile        Hex/Tloc       0%         N/A       100%        3
 Spider Form              Tmut/Pois      0%         N/A       100%        3
 Anguish                  Hex/Necr       0%         N/A       100%        4
 Leda's Liquefaction      Hex/Erth       0%         N/A       100%        4


Dungeon Overview and Level Annotations

Branches:
Dungeon (3/15)              Sewer (1/1)

Altars:

Shops:
D:1 *


Innate Abilities, Weirdness & Mutations

You have a pair of horns on your head.
You reflexively headbutt those who attack you in melee.


Message History

You block the kobold brigand's attack.
The kobold brigand hits you with a +2 short sword of protection.
* * * LOW HITPOINT WARNING * * *
Unknown command.
You hit the kobold brigand but do no damage.
You headbutt the kobold brigand!
You kill the kobold brigand!
You block the kobold brigand's attack.
You have reached level 6!
You closely miss the kobold brigand.
The kobold brigand is severely wounded.
The kobold hits you but does no damage.
The kobold brigand hits you with a +2 short sword of protection.
* * * LOW HITPOINT WARNING * * *
Unknown command.
You barely miss the kobold brigand.
The kobold brigand is severely wounded.
The kobold hits you but does no damage.
You block the kobold brigand's attack. x2
The kobold barely misses you.
Unknown command.
You hit the kobold brigand but do no damage.
You headbutt the kobold brigand, but do no damage.
The kobold brigand is severely wounded.
The kobold hits you with a +1 antimagic short sword.
* * * LOW HITPOINT WARNING * * *
The kobold brigand hits you with a +2 short sword of protection.
* * * LOW HITPOINT WARNING * * *
You slash the kobold brigand!
The kobold brigand is almost dead.
The kobold hits you but does no damage.
The kobold brigand hits you with a +2 short sword of protection.
* * * LOW HITPOINT WARNING * * *
Unknown command.
You closely miss the kobold brigand.
Your headbutt misses the kobold brigand.
The kobold brigand is almost dead.
The kobold barely misses you. You furiously retaliate!
You headbutt the kobold.
You kill the kobold!
The kobold brigand hits you with a +2 short sword of protection.
You die...

≈≈≈≈≈≈≈≈≈ ≈≈≈ ≈≈≈
####### ### ###
#!?#.[# #.!#.!#
#.....# ....!
##...## ≈≈ ##...##
#.....# ≈≈≈≈≈#.....#
#.....#≈≈≈≈≈≈#.....#
###)###≈≈≈≈≈≈###K##
##.).~≈≈≈≈≈≈≈≈~@K.#
#....~≈≈≈≈≈≈~~....#
#...~≈≈≈≈≈≈≈≈.~...#
##....≈≈≈≈≈≈≈~~....#
#....~~≈≈≈≈≈≈~....##
#....~~≈≈≈≈≈≈#....#
#......~≈≈≈≈~##†.##
##....~≈≈≈≈≈~##.†#
#.....≈≈≈≈≈##...#


You could see a kobold brigand and a kobold.

Vanquished Creatures
  2 kobold brigands (Sewer)
  Jessica (D:2)
  A gnoll (D:1)
  5 adders
  2 river rats
  2 dart slugs (D:1)
  5 bats
  An endoplasm (D:1)
  3 giant cockroaches
  3 goblins
  3 hobgoblins
  15 kobolds
  3 quokkas
  9 ball pythons
  A frilled lizard (D:2)
  19 rats
75 creatures vanquished.

Notes
Turn   | Place    | Note
-------+----------+-------------------------------------------
     0 | D:1      | Peloso the Minotaur Fighter began the quest for the Orb.
     0 | D:1      | Reached XP level 1. HP: 19/19 MP: 0/0
    25 | D:1      | Reached XP level 2. HP: 15/27 MP: 1/1
   538 | D:1      | Reached XP level 3. HP: 28/33 MP: 2/2
   796 | D:1      | Found Mosax's Assorted Antiques.
   805 | D:1      | Bought a cyan potion for 17 gold pieces
   805 | D:1      | Bought an amethyst potion for 17 gold pieces
   805 | D:1      | Bought a scroll labelled EJUILOE WICIW for 19 gold pieces
   805 | D:1      | Bought a scroll labelled WYMEUTR SI XUE for 19 gold pieces
   805 | D:1      | Bought a scroll labelled OSY JUON DUZXO for 19 gold pieces
  1111 | D:2      | Noticed Jessica
  1121 | D:2      | Killed Jessica
  1122 | D:2      | Reached XP level 4. HP: 41/41 MP: 3/3
  1539 | D:1      | Bought 3 golden potions for 51 gold pieces
  1686 | D:3      | Found a glowing drain.
  1690 | Sewer    | Entered a sewer
  1793 | Sewer    | Noticed a kobold brigand
  1809 | Sewer    | Killed a kobold brigand
  1810 | Sewer    | Reached XP level 5. HP: 14/47 MP: 4/4
  1966 | Sewer    | Reached skill level 5 in Fighting
  2167 | Sewer    | Reached skill level 5 in Armour
  2198 | Sewer    | Reached XP level 6. HP: 15/56 MP: 5/5
  2202 | Sewer    | Slain by a kobold brigand

Illustrated notes

Levels and vault maps discovered:
D:1:      dpeg_arrival_renting, layout_basic, serial_shops, shop,
          minmay_box_of_dots
D:2:      layout_rooms, minmay_misc_feat_five, uniq_jessica
D:3:      layout_rooms, gup_sewer_entry_bowl,
          shapermc_ecumenical_altar_mp_highgroup, minmay_misc_feat_chi,
          serial_park_tiny_1
Sewer:    sewer_minmay_treatment

Skill      XL: |  1  2  3  4  5 |
---------------+----------------+-----
Fighting       | 4 5 |  5.2
Armour         | 4 5 |  5.2
Shields        | 4 |  4.5
Long Blades    | 3 4 |  4.8
Dodging        | |  0.7
Stealth        | |  0.3

Action                     |  1- 3 |  4- 6 || total
---------------------------+-------+-------++-------
  Melee: Long sword        |    65 |   130 ||   195
         Headbutt          |     9 |    19 ||    28
    Use: Potion            |     1 |       ||     1
         Scroll            |       |     4 ||     4
 Armour: Scale mail        |    21 |       ||    21
         Chain mail        |    15 |    92 ||   107
  Dodge: Dodged            |    27 |    62 ||    89
  Block: Buckler           |    24 |    38 ||    62
